| TOP OF THE 1ST |
|
Peoria Pride batting - Pitching for Florence Swordfish : RHP Reeve Sloat
|
|
Pitching: RHP Reeve Sloat
|
|
|
Batting: RHB Corey Bryant
|
0-0: Called Strike 0-1: Ball 1-1: Ground out 6-3 (Groundball, 6M, EV 83.1 MPH)
|
|
Batting: RHB Jaxon DeMeuse
|
0-0: Ball 1-0: Ball 2-0: Ball 3-0: Base on Balls
|
|
Batting: RHB Timmy Castillo
|
0-0: Ball 1-0: DOUBLE (Line Drive, 78M, EV 106.9 MPH) Jaxon DeMeuse to third Runner from 3rd tries for Home, SAFE, throw by CF to trailing runner, SAFE at third!
|
|
Batting: LHB Glen Van Allen
|
0-0: Called Strike 0-1: Ball 1-1: Fly out, F7 (Flyball, 7LS, EV 76.3 MPH)
|
|
Batting: SHB Zack Lewis
|
0-0: Called Strike 0-1: Ground out 4-3 (Groundball, 4, EV 103.8 MPH)
|
| Top of the 1st over - 1 run, 1 hit, 0 errors, 1 left on base; Peoria 1 - Florence 0 |
| BOTTOM OF THE 1ST |
|
Florence Swordfish batting - Pitching for Peoria Pride : RHP Dax Beaumont
|
|
Pitching: RHP Dax Beaumont
|
|
|
Batting: RHB D.J. Taylor
|
0-0: Ball 1-0: Ball 2-0: Foul Ball, location: 7LSFF 2-1: Called Strike 2-2: Foul Ball, location: 2F 2-2: Hit by Pitch
|
|
Pinch Runner at 1st Matthew McCarthy:
|
|
|
Batting: LHB Blake Wong
|
0-0: Fielders Choice at 2nd, 4-6 (Groundball, 34, EV 77.5 MPH)
|
|
Batting: RHB Ozaner Averette
|
0-0: SINGLE (Line Drive, 89S, EV 106.9 MPH) Blake Wong to second
|
|
Batting: RHB Ryder Engler
|
0-0: Called Strike 0-1: Foul Ball, location: 9LSFF 0-2: Ball 1-2: Strikes out looking
|
|
Batting: LHB Joey Britt
|
0-0: Fly out, F7 (Flyball, 7, EV 86.9 MPH)
|
| Bottom of the 1st over - 0 runs, 1 hit, 0 errors, 2 left on base; Peoria 1 - Florence 0 |
| TOP OF THE 2ND |
|
Peoria Pride batting - Pitching for Florence Swordfish : RHP Reeve Sloat
|
|
Now in CF: Matthew McCarthy
|
|
|
Batting: RHB Ethan Yule
|
0-0: Foul Ball, location: 2F 0-1: Ball 1-1: Ball 2-1: DOUBLE (Line Drive, 89D, EV 104.4 MPH)
|
|
Batting: RHB Fabian Harring
|
0-0: Ball 1-0: SINGLE (Groundball, 3D, EV 100.0 MPH) Ethan Yule to third Runner from 3rd tries for Home, SAFE, throw by RF to home
|
|
Batting: RHB Bruno Lebron
|
0-0: Called Strike 0-1: Ball 1-1: Swinging Strike 1-2: Foul Ball, location: 9LSF 1-2: Ball 2-2: 2-RUN HOME RUN (Flyball, 7LD, EV 89.4 MPH), Distance : 339 ft
|
|
Batting: RHB Gunji Nakagawa
|
0-0: Ball 1-0: DOUBLE (Flyball, 89D, EV 102.5 MPH)
|
|
Batting: RHB Corey Bryant
|
0-0: Foul Ball, location: 2F 0-1: Foul Ball, location: 9LSF 0-2: Foul Ball, location: 7LMF 0-2: Strikes out swinging
|
|
Batting: RHB Jaxon DeMeuse
|
0-0: Ball 1-0: Ball 2-0: Ball 3-0: Base on Balls
|
|
Batting: RHB Timmy Castillo
|
0-0: Ball 1-0: Fly out, F5 (Popup, 56, EV 74.4 MPH)
|
|
Batting: LHB Glen Van Allen
|
0-0: Ball 1-0: Ball 2-0: Called Strike 2-1: Fly out, F9 (Line Drive, 9S, EV 98.1 MPH)
|
| Top of the 2nd over - 3 runs, 4 hits, 0 errors, 2 left on base; Peoria 4 - Florence 0 |
| BOTTOM OF THE 2ND |
|
Florence Swordfish batting - Pitching for Peoria Pride : RHP Dax Beaumont
|
|
Batting: RHB Jarrod Franco
|
0-0: SINGLE (Line Drive, 9S, EV 93.8 MPH)
|
|
Batting: LHB Liam Poorbear
|
0-0: Called Strike 0-1: Ball 1-1: Ball 2-1: Fielders Choice at 2nd, 4-6 (Groundball, 4M, EV 89.4 MPH)
|
|
Batting: RHB Rafael Pabon
|
0-0: Ball 1-0: Ball 2-0: Called Strike 2-1: Ball Wild Pitch! Liam Poorbear to second 3-1: Base on Balls
|
|
Batting: RHB Theodore Loveland
|
0-0: Swinging Strike 0-1: Fly out, F9 (Flyball, 9LS, EV 95.6 MPH)
|
|
Batting: RHB Matthew McCarthy
|
0-0: Ball 1-0: Ball 2-0: Fly out, F8 (Flyball, 8RS, EV 80.6 MPH)
|
| Bottom of the 2nd over - 0 runs, 1 hit, 0 errors, 2 left on base; Peoria 4 - Florence 0 |
| TOP OF THE 3RD |
|
Peoria Pride batting - Pitching for Florence Swordfish : RHP Reeve Sloat
|
|
Batting: SHB Zack Lewis
|
0-0: Called Strike 0-1: Ball 1-1: Ball 2-1: Swinging Strike 2-2: Strikes out swinging
|
|
Batting: RHB Ethan Yule
|
0-0: SOLO HOME RUN (Flyball, 78XD, EV 103.8 MPH), Distance : 435 ft
|
|
Batting: RHB Fabian Harring
|
0-0: Swinging Strike 0-1: Foul Ball, location: 25FF 0-2: Ball 1-2: SOLO HOME RUN (Flyball, 8RXD, EV 113.1 MPH), Distance : 438 ft
|
|
Batting: RHB Bruno Lebron
|
0-0: Foul Ball, location: 23F 0-1: Fly out, F3 (Popup, 34S, EV 70.6 MPH)
|
|
Batting: RHB Gunji Nakagawa
|
0-0: Called Strike 0-1: Ball 1-1: Swinging Strike 1-2: Strikes out looking
|
| Top of the 3rd over - 2 runs, 2 hits, 0 errors, 0 left on base; Peoria 6 - Florence 0 |
| BOTTOM OF THE 3RD |
|
Florence Swordfish batting - Pitching for Peoria Pride : RHP Dax Beaumont
|
|
Batting: LHB Blake Wong
|
0-0: Swinging Strike 0-1: Swinging Strike 0-2: Fly out, F7 (Flyball, 78D, EV 99.4 MPH)
|
|
Batting: RHB Ozaner Averette
|
0-0: Ball 1-0: Foul Ball, location: 3F 1-1: Ball 2-1: Ball 3-1: Base on Balls
|
|
Batting: RHB Ryder Engler
|
0-0: Foul Ball, location: 23F 0-1: Ball 1-1: Fly out, F8 (Flyball, 89M, EV 93.1 MPH)
|
|
Batting: LHB Joey Britt
|
0-0: Called Strike 0-1: Fly out, F7 (Flyball, 7, EV 95.6 MPH)
|
| Bottom of the 3rd over - 0 runs, 0 hits, 0 errors, 1 left on base; Peoria 6 - Florence 0 |
| TOP OF THE 4TH |
|
Peoria Pride batting - Pitching for Florence Swordfish : RHP Reeve Sloat
|
|
Pitching: RHP Troy McFarland
|
|
|
Batting: RHB Corey Bryant
|
0-0: Swinging Strike 0-1: Ball 1-1: Ball 2-1: Ball 3-1: Base on Balls
|
|
Batting: RHB Jaxon DeMeuse
|
0-0: Fly out, F6 (Popup, 4M, EV 60.6 MPH)
|
|
Batting: RHB Timmy Castillo
|
0-0: Ball 1-0: Called Strike 1-1: Called Strike 1-2: Ball 2-2: Foul Ball, location: 9LSF 2-2: Strikes out looking
|
|
Batting: LHB Glen Van Allen
|
0-0: Ball Corey Bryant steals 2nd base 1-0: Called Strike 1-1: Fly out, F2 (Popup, 25F, EV 90.6 MPH)
|
| Top of the 4th over - 0 runs, 0 hits, 0 errors, 1 left on base; Peoria 6 - Florence 0 |
| BOTTOM OF THE 4TH |
|
Florence Swordfish batting - Pitching for Peoria Pride : RHP Dax Beaumont
|
|
Batting: RHB Jarrod Franco
|
0-0: Ball 1-0: Swinging Strike 1-1: Fly out, F7 (Flyball, 7LSF, EV 86.9 MPH)
|
|
Batting: LHB Liam Poorbear
|
0-0: Foul Ball, location: 5DF 0-1: Called Strike 0-2: Ball 1-2: Ball 2-2: Ball 3-2: Reached on error, E6 (Groundball, 56, EV 78.8 MPH)
|
|
Batting: RHB Rafael Pabon
|
0-0: Called Strike 0-1: Ball 1-1: Ball 2-1: Ball 3-1: Foul Ball, location: 2F 3-2: Strikes out looking
|
|
Batting: RHB Theodore Loveland
|
0-0: Ball 1-0: Called Strike 1-1: Foul Ball, location: 2F 1-2: Ball 2-2: Ball 3-2: Strikes out swinging
|
| Bottom of the 4th over - 0 runs, 0 hits, 1 error, 1 left on base; Peoria 6 - Florence 0 |
| TOP OF THE 5TH |
|
Peoria Pride batting - Pitching for Florence Swordfish : RHP Troy McFarland
|
|
Batting: SHB Zack Lewis
|
0-0: Called Strike 0-1: Foul Ball, location: 2F 0-2: Ball 1-2: Ball 2-2: Ball 3-2: SINGLE (Line Drive, 8RS, EV 102.5 MPH)
|
|
Batting: RHB Ethan Yule
|
0-0: Called Strike 0-1: Fly out, F7 (Line Drive, 7, EV 90.6 MPH)
|
|
Batting: RHB Fabian Harring
|
0-0: Called Strike 0-1: Called Strike 0-2: Foul Ball, location: 2RF 0-2: SINGLE (Groundball, 34D, EV 94.4 MPH) Zack Lewis to second Runner from 2nd tries for 3rd, SAFE, no throw by RF
|
|
Batting: RHB Bruno Lebron
|
0-0: Called Strike 0-1: Ball 1-1: Ball 2-1: Called Strike 2-2: Foul Ball, location: 9LSF 2-2: Ball 3-2: Base on Balls Fabian Harring to second
|
|
Batting: RHB Gunji Nakagawa
|
0-0: Foul Ball, location: 23FF 0-1: Fly out, F7 (Flyball, 7, EV 85.6 MPH)
|
|
Batting: RHB Corey Bryant
|
0-0: Ball 1-0: Fly out, F7 (Flyball, 7LM, EV 88.1 MPH)
|
| Top of the 5th over - 0 runs, 2 hits, 0 errors, 3 left on base; Peoria 6 - Florence 0 |
| BOTTOM OF THE 5TH |
|
Florence Swordfish batting - Pitching for Peoria Pride : RHP Dax Beaumont
|
|
Batting: RHB Matthew McCarthy
|
0-0: Swinging Strike 0-1: Ball 1-1: Fly out, F3 (Popup, 3SF, EV 65.6 MPH)
|
|
Batting: LHB Blake Wong
|
0-0: Ball 1-0: Ball 2-0: Foul Ball, location: 7LSF 2-1: Foul Ball, location: 25F 2-2: Ground out 4-3 (Groundball, 4S, EV 66.3 MPH)
|
|
Batting: RHB Ozaner Averette
|
0-0: Ball 1-0: Called Strike 1-1: Ball 2-1: Swinging Strike 2-2: Strikes out looking
|
| Bottom of the 5th over - 0 runs, 0 hits, 0 errors, 0 left on base; Peoria 6 - Florence 0 |
| TOP OF THE 6TH |
|
Peoria Pride batting - Pitching for Florence Swordfish : RHP Troy McFarland
|
|
Batting: RHB Jaxon DeMeuse
|
0-0: Ball 1-0: Fly out, F8 (Flyball, 8LD, EV 87.5 MPH)
|
|
Batting: RHB Timmy Castillo
|
0-0: Ball 1-0: Called Strike 1-1: Ball 2-1: Foul Ball, location: 2F 2-2: Strikes out swinging
|
|
Batting: LHB Glen Van Allen
|
0-0: Ball 1-0: Ball 2-0: Called Strike 2-1: Called Strike 2-2: Foul Ball, location: 2F 2-2: Ball 3-2: Base on Balls
|
|
Batting: SHB Zack Lewis
|
0-0: Ball 1-0: Foul Ball, location: 7LSFF 1-1: Called Strike Glen Van Allen steals 2nd base 1-2: Ball 2-2: SINGLE (Line Drive, 9S, EV 90.0 MPH) Glen Van Allen to third Runner from 3rd tries for Home, SAFE, throw by RF to home
|
|
Batting: RHB Ethan Yule
|
0-0: Called Strike 0-1: Ball 1-1: Ball 2-1: Called Strike 2-2: Ball 3-2: Strikes out looking
|
| Top of the 6th over - 1 run, 1 hit, 0 errors, 1 left on base; Peoria 7 - Florence 0 |
| BOTTOM OF THE 6TH |
|
Florence Swordfish batting - Pitching for Peoria Pride : RHP Dax Beaumont
|
|
Batting: RHB Ryder Engler
|
0-0: Called Strike 0-1: Swinging Strike 0-2: Strikes out swinging
|
|
Batting: LHB Joey Britt
|
0-0: SINGLE (Flyball, 78S, EV 85.6 MPH)
|
|
Batting: RHB Jarrod Franco
|
0-0: SINGLE (Groundball, 4MD, EV 103.8 MPH) Joey Britt to second
|
|
Batting: LHB Liam Poorbear
|
0-0: Ball 1-0: Fielders Choice at 2nd, 5-4 (Groundball, 5, EV 81.3 MPH) Joey Britt to third
|
|
Pitching: RHP Eric Minard
|
|
|
Batting: RHB Rafael Pabon
|
0-0: Called Strike 0-1: Ball 1-1: Called Strike 1-2: Foul Ball, location: 9LSF 1-2: Ball 2-2: Fielders Choice at 2nd, 5-4 (Groundball, 56D, EV 82.5 MPH)
|
| Bottom of the 6th over - 0 runs, 2 hits, 0 errors, 2 left on base; Peoria 7 - Florence 0 |
| TOP OF THE 7TH |
|
Peoria Pride batting - Pitching for Florence Swordfish : RHP Troy McFarland
|
|
Pinch Hitting: SHB Timo Pérez
|
0-0: SINGLE (Line Drive, 56, EV 95.6 MPH)
|
|
Pitching: RHP Conroy Van Hise
|
|
|
Batting: RHB Bruno Lebron
|
0-0: Foul Ball, location: 23F 0-1: Ball 1-1: Foul Ball, location: 2F 1-2: Ball 2-2: Ground out 6-3 (Groundball, 6S, EV 71.9 MPH) Timo Pérez to second
|
|
Pinch Hitting: RHB Terrel Oki
|
0-0: Foul Ball, location: 2F 0-1: Swinging Strike 0-2: Ball 1-2: Strikes out swinging
|
|
Pinch Hitting: SHB J.R. Spain
|
0-0: Fly out, F8 (Flyball, 8RXD, EV 80.6 MPH)
|
| Top of the 7th over - 0 runs, 1 hit, 0 errors, 1 left on base; Peoria 7 - Florence 0 |
| BOTTOM OF THE 7TH |
|
Florence Swordfish batting - Pitching for Peoria Pride : RHP Eric Minard
|
|
Now at SS: Terrel Oki
|
|
|
Now in LF: Timo Pérez
|
|
|
Now in CF: Glen Van Allen
|
|
|
Now in RF: J.R. Spain
|
|
|
Pinch Hitting: LHB Robert McCaffrey
|
0-0: Ball 1-0: Foul Ball, location: 7LMF 1-1: Ball 2-1: Ball 3-1: Called Strike 3-2: Foul Ball, location: 25F 3-2: Foul Ball, location: 3F 3-2: Foul Ball, location: 23F 3-2: SOLO HOME RUN (Flyball, 9D, EV 95.0 MPH), Distance : 371 ft
|
|
Batting: RHB Matthew McCarthy
|
0-0: Hit by Pitch
|
|
Batting: LHB Blake Wong
|
0-0: Called Strike 0-1: Ball 1-1: Ball 2-1: Foul Ball, location: 3SF 2-2: Strikes out swinging
|
|
Batting: RHB Ozaner Averette
|
0-0: Ground out U3 (Groundball, 3S, EV 66.3 MPH) Matthew McCarthy to second
|
|
Pinch Hitting: RHB Brian Shedlock
|
0-0: 2-RUN HOME RUN (Line Drive, 89XD, EV 100.0 MPH), Distance : 409 ft
|
|
Pitching: RHP Neil Arrowood
|
|
|
Batting: LHB Joey Britt
|
0-0: Swinging Strike 0-1: Ball 1-1: Foul Ball, location: 3F 1-2: Strikes out swinging
|
| Bottom of the 7th over - 3 runs, 2 hits, 0 errors, 0 left on base; Peoria 7 - Florence 3 |
| TOP OF THE 8TH |
|
Peoria Pride batting - Pitching for Florence Swordfish : RHP Conroy Van Hise
|
|
Now at 3B: Jonathan Hackl
|
|
|
Now at SS: Josias Nuñez
|
|
|
Batting: RHB Jaxon DeMeuse
|
0-0: Called Strike 0-1: Fly out, F9 (Flyball, 9D, EV 91.3 MPH)
|
|
Batting: RHB Timmy Castillo
|
0-0: Ground out 6-3 (Groundball, 6, EV 110.0 MPH)
|
|
Batting: LHB Glen Van Allen
|
0-0: Ball 1-0: DOUBLE (Flyball, 89D, EV 101.3 MPH)
|
|
Batting: SHB Zack Lewis
|
0-0: Ball 1-0: Ball 2-0: Ball 3-0: Swinging Strike 3-1: Called Strike 3-2: Strikes out swinging
|
| Top of the 8th over - 0 runs, 1 hit, 0 errors, 1 left on base; Peoria 7 - Florence 3 |
| BOTTOM OF THE 8TH |
|
Florence Swordfish batting - Pitching for Peoria Pride : RHP Neil Arrowood
|
|
Batting: RHB Jarrod Franco
|
0-0: Ball 1-0: Ball 2-0: Ball 3-0: Called Strike 3-1: Called Strike 3-2: Base on Balls
|
|
Batting: LHB Liam Poorbear
|
0-0: Fly out, F7 (Flyball, 7, EV 73.8 MPH)
|
|
Pinch Hitting: SHB Van Cowley
|
0-0: Fielders Choice at 2nd, 6-4 (Groundball, 6MS, EV 90.6 MPH)
|
|
Batting: RHB Josias Nuñez
|
0-0: Ball 1-0: Ball 2-0: Called Strike 2-1: Swinging Strike 2-2: Foul Ball, location: 23F 2-2: Foul Ball, location: 2F 2-2: Foul Ball, location: 25F 2-2: Ball Wild Pitch! Van Cowley to second 3-2: Base on Balls
|
|
Batting: RHB Matthew McCarthy
|
0-0: Ball 1-0: Ball 2-0: Swinging Strike 2-1: Foul Ball, location: 25F 2-2: Strikes out swinging
|
| Bottom of the 8th over - 0 runs, 0 hits, 0 errors, 2 left on base; Peoria 7 - Florence 3 |
| TOP OF THE 9TH |
|
Peoria Pride batting - Pitching for Florence Swordfish : RHP Conroy Van Hise
|
|
Pitching: RHP Leonard Thomas
|
|
|
Now at 2B: Van Cowley
|
|
|
Batting: RHB Ethan Yule
|
0-0: Ball 1-0: Fly out, F8 (Flyball, 8LD, EV 95.6 MPH)
|
|
Pinch Hitting: RHB Trevor Pena
|
0-0: Fly out, F4 (Popup, 3S, EV 90.6 MPH)
|
|
Batting: RHB Bruno Lebron
|
0-0: Ball 1-0: Ball 2-0: Foul Ball, location: 2F 2-1: Fly out, F8 (Flyball, 8RM, EV 80.6 MPH)
|
| Top of the 9th over - 0 runs, 0 hits, 0 errors, 0 left on base; Peoria 7 - Florence 3 |
| BOTTOM OF THE 9TH |
|
Florence Swordfish batting - Pitching for Peoria Pride : RHP Neil Arrowood
|
|
Now in LF: Myer Harmon
|
|
|
Pinch Hitting: RHB Lorenzo Jiménez
|
0-0: Ball 1-0: Called Strike 1-1: SINGLE (Line Drive, 9S, EV 92.5 MPH)
|
|
Batting: RHB Ozaner Averette
|
0-0: Foul Ball, location: 3F 0-1: Ball 1-1: Ball 2-1: Ball 3-1: Swinging Strike 3-2: Strikes out swinging
|
|
Batting: RHB Jonathan Hackl
|
0-0: Swinging Strike 0-1: Swinging Strike 0-2: Ball 1-2: Ball 2-2: Strikes out swinging
|
|
Pitching: RHP Oscar Champoux
|
|
|
Pinch Hitting: RHB Aiden Mooney
|
0-0: Swinging Strike 0-1: Foul Ball, location: 2F 0-2: Ball 1-2: Strikes out swinging
|
| Bottom of the 9th over - 0 runs, 1 hit, 0 errors, 1 left on base; Peoria 7 - Florence 3 |
|